[Event "15th Arad Open 2022"]
[Site "Arad"]
[Date "2022.08.09"]
[Round "3.2"]
[White "Srbis, Jurica"]
[Black "Magold, Filip"]
[Result "0-1"]
[ECO "B11"]
[WhiteElo "2472"]
[BlackElo "2247"]
[Annotator "RC"]
[PlyCount "78"]
[EventDate "2022.08.08"]
[EventType "swiss"]
[EventCountry "ROU"]
[SourceTitle "playchess.com"]
[Source "ChessBase"]
[SourceQuality "1"]
[TimeControl "5400+30"]

1. e4 c6 2. Nc3 d5 3. Nf3 dxe4 4. Nxe4 Nf6 5. Qe2 Nxe4 6. Qxe4 Nd7 7. Bc4 Nf6 8. Ne5 Nd5 9. d4 Be6 10. f4 g6 11. O-O Bg7 12. Qe2 Qb6 13. c3 O-O 14. Kh1 Rad8 15. Bb3 c5 16. dxc5 Qxc5 17. Bd2 Nc7 18. Be3 Qa5 19. Bd4 Bd5 20. Qe3 b6 21. c4 Ba8 22. Bc3 Qa6 23. Rae1 Qb7 24. Rf2 Na6 25. Bc2 Nc5 26. f5 Nd7 27. Ng4 Bxc3 28. Qxc3 Nf6 29. Nxf6+ exf6 30. Qxf6 Rfe8 31. Qc3 Rxe1+ 32. Qxe1 Qc6 33. fxg6 hxg6 34. b3 Re8 35. Qc3 Qc5 36. Qd2 Qe5 37. Rf1 Qe2 38. Qxe2 Rxe2 39. Bd1 Bxg2+ 0-1

[Event "15th Arad Open 2022"]
[Site "Arad"]
[Date "2022.08.09"]
[Round "3.3"]
[White "Coicev, Matei-Andrei"]
[Black "Ramoutar, Alan-Safar"]
[Result "0-1"]
[ECO "B15"]
[WhiteElo "2087"]
[BlackElo "2453"]
[Annotator "TA"]
[PlyCount "144"]
[EventDate "2022.08.08"]
[EventType "swiss"]
[EventCountry "ROU"]
[SourceTitle "playchess.com"]
[Source "ChessBase"]
[SourceQuality "1"]
[TimeControl "5400+30"]

1. e4 c6 2. Nc3 d5 3. Nf3 g6 4. d4 Bg7 5. h3 dxe4 6. Nxe4 Nf6 7. Nxf6+ exf6 8. Bd3 O-O 9. O-O a5 {[%emt 0:02:43] B15: Caro-Kann: 3 Nc3: 3...g6 and 3...dxe4 4 Nxe4 Nf6 5 Nxf6+ exf6.} 10. a4 Na6 11. c3 Be6 {[%emt 0:02:57] The position is equal.} 12. Bf4 Nc7 {[%emt 0:02:17] [#]} 13. c4 $146 ({Predecessor:} 13. Nd2 Nd5 14. Bh2 Re8 15. Ne4 b6 16. Re1 f5 17. Nd6 Re7 18. Nc4 f6 19. Qf3 {½-½ (31) Triapishko,A (2510)-Vastrukhin,O (2401) Chess.com INT 2021}) 13... Na6 14. c5 Nb4 15. Be2 Re8 16. Bd6 Bf8 17. Bxf8 Kxf8 18. Qd2 Kg7 19. Rfe1 Qd7 20. Rac1 Bd5 21. Nh2 h5 {[%emt 0:06:24] Against Ng4} 22. Rc3 Be4 (22... Re4 $17 23. Re3 Rxe3 24. fxe3 Qf5) 23. Bf3 (23. Nf1 $15) 23... Bf5 24. Rce3 Rxe3 25. fxe3 Rd8 26. Nf1 Bd3 27. Ng3 h4 28. Nh1 f5 29. Nf2 Bc4 (29... Bc2 $17) 30. Qc3 $36 {[%emt 0:03:34][%mdl 2048] White is more active.} Bd5 31. e4 $1 fxe4 32. Bxe4 Qc7 33. Qd2 Qg3 34. Ng4 {[%emt 0:04:04] Threatening mate with Qh6+.} Rh8 {[%emt 0:00:54] Inhibits Qh6+. Active counter play!} 35. Bxd5 Nxd5 36. Rf1 {[%emt 0:01:01] Threatens to win with Ne5.} Rh5 (36... f6 $11) 37. Ne5 ({White should play} 37. Rf3 $14 Qc7 38. Qf2) 37... f6 (37... Rf5 $1 $11) 38. Rf3 $1 $16 Qg5 39. Qxg5 Rxg5 {[%emt 0:00:17][%mdl 4096] Endgame KRN-KRN} 40. Nc4 Nb4 41. Nxa5 Rd5 42. Nb3 (42. Re3 $16) 42... Rd8 $11 43. Kf2 g5 44. Ke2 Ra8 {[%emt 0:00:00][%mdl 1024] Against Na5. Black has compensation.} 45. a5 Nd5 46. Kd2 Kg6 47. Rf2 (47. Rf1 $11 {remains equal.}) 47... f5 $17 48. Kd3 g4 $1 49. hxg4 fxg4 50. Nd2 Rxa5 51. Nc4 Ra1 52. Ne5+ Kg5 {[%emt 0:00:22] Strongly threatening ...Rd1+.} 53. Nf7+ (53. Rf8 $142) 53... Kh5 $19 54. Ne5 h3 (54... Rd1+ $19 {has better winning chances.} 55. Ke4 Re1+ 56. Kd3 h3 57. gxh3 (57. Rf5+ $2 Kh6 $19) 57... g3 58. Rf5+ Kh6 59. Nf7+ Kg6 60. Rg5+ Kxf7 61. Rxg3 Nf4+ 62. Kc2 Re2+ 63. Kd1 Re4) 55. gxh3 gxh3 ({Better is} 55... g3 $17 56. Rf8 g2) 56. Rf7 Kh4 57. Rh7+ Kg3 {[%emt 0:00:07] White must now prevent ...Rd1+.} 58. Rg7+ Kf4 {[%emt 0:00:30] ...Rd1+ is the strong threat.} 59. Rf7+ Kg5 (59... Kg3 $5 60. Rg7+ Kf4 61. Rf7+ Kg5 62. Rxb7 Nf6 $11) 60. Rg7+ (60. Rxb7 $11 Rd1+ 61. Ke2 Rxd4 62. Nf3+ Kg6 63. Kf2 (63. Nxd4 h2 $17)) 60... Kf5 $1 $15 61. Rf7+ (61. Nf3 $15) 61... Nf6 $1 $19 62. Nf3 {[%emt 0:01:13] [#]} Rh1 (62... Re1 $1 $19 {[%mdl 512] aiming for ...Re6.} 63. b3 (63. Nxe1 $2 {loses.} h2 $19) (63. Rxb7 $2 Kf4 $19) (63. Kd2 Rh1) 63... Re6) 63. Kc3 $2 {[%emt 0:01:19][%mdl 8192] This costs White the game.} (63. Rxb7 $15 Rf1 64. Ke2) 63... Rf1 ({And not} 63... h2 64. Kb3 $11) 64. Nd2 (64. Nh2 $19 Rg1 65. Rf8) 64... Rc1+ (64... h2 $2 65. Nxf1 h1=N 66. Ne3+ Ke6 67. Rxb7 $18) 65. Kd3 h2 66. Ne4 Rd1+ 67. Ke3 Re1+ 68. Kf2 {[%emt 0:00:14] [#]} h1=Q $2 69. Rxf6+ $2 (69. Ng3+ $19 Kg5 70. Nxh1 Rxh1 71. Rxb7) 69... Kxe4 {[%emt 0:00:00][%csl Ge1][%cal Rh1g1] Black mates.} 70. Re6+ Kxd4 71. Rxe1 Qh2+ 72. Kf3 Kxc5 {[%emt 0:00:09] Weighted Error Value: White=0.18 (very precise) /Black=0.16 (very precise)} (72... Qxb2 $142 73. Rg1 Qc3+ 74. Kg4 Kxc5 75. Rh1 Qd4+ 76. Kg3 Qe3+ 77. Kh2 Qh6+ 78. Kg2 {[#]} Qxh1+ $3 79. Kxh1 b5 80. Kg1 b4 81. Kh2 b3 82. Kh3 b2 83. Kh4 b1=Q 84. Kg5 Qe4 85. Kf6 Kd6 86. Kf7 Qe5 87. Kf8 Ke6 88. Kg8 Qg3+ 89. Kh7 Kf7 90. Kh8 Qh4#) 0-1

[Event "15th Arad Open 2022"]
[Site "Arad"]
[Date "2022.08.09"]
[Round "3.4"]
[White "David, Alexandru-Vasile"]
[Black "Magold, Victor"]
[Result "1/2-1/2"]
[ECO "E27"]
[WhiteElo "2433"]
[BlackElo "2074"]
[Annotator "TA"]
[PlyCount "112"]
[EventDate "2022.08.08"]
[EventType "swiss"]
[EventCountry "ROU"]
[SourceTitle "playchess.com"]
[Source "ChessBase"]
[SourceQuality "1"]
[TimeControl "5400+30"]

1. d4 Nf6 2. c4 e6 3. Nc3 Bb4 4. f3 c5 5. a3 Bxc3+ 6. bxc3 O-O 7. e4 d6 8. Bd3 Nc6 9. Ne2 e5 (9... Nd7 $11) 10. d5 $14 {[%emt 0:03:50] has lost popularity (10.0-0). E27: Nimzo-Indian: Sämisch: 5...0-0 6 f3.} Ne7 11. g4 {[%emt 0:01:50][%cal Bg2g4,Bg4h5,Bh5h6,Bh6g7][%mdl 32] [#]} h5 $146 ({Predecessor:} 11... Ng6 12. h4 h5 13. g5 Nh7 14. Ng3 f6 15. gxf6 Qxf6 16. Nxh5 Qxf3 17. Qxf3 Rxf3 18. Rg1 Nhf8 19. Be2 Rf7 20. Bg5 Bh3 21. Rg3 Bd7 22. Kd2 Kh7 23. Rag1 a6 {½-½ (23) Herrera,J (2292)-Valderrama Quiceno,E (2443) Bogota 2018}) 12. h3 {[%emt 0:03:43] White is slightly better.} Nh7 $1 13. gxh5 f5 $1 14. h6 Ng6 15. hxg7 Qh4+ 16. Kd2 ({Reject} 16. Kf1 Kxg7 17. Qe1 f4 $15) 16... Rf7 17. Kc2 f4 18. Bd2 Ng5 19. Ng1 Rxg7 20. Be1 Qh5 (20... Qh8 $1 $11 {keeps the balance.}) 21. h4 $16 Bd7 {[%emt 0:01:28] [#] White must now prevent ...Ba4+.} 22. Kc1 Kf7 23. Ra2 Rh8 (23... Rag8 $14) 24. Rb2 Bc8 (24... Rb8 $142) 25. Rhh2 ({Better is} 25. Be2) 25... Nh7 26. Bf1 Ne7 27. Nh3 ({White should play} 27. Rbg2 $16) 27... Rhg8 $14 28. Rh1 Kf8 29. Rbh2 Bd7 30. Qe2 (30. a4 $16) 30... Bxh3 (30... Nc8 $1 $11 {remains equal.}) 31. Bxh3 $16 Nf6 {[%emt 0:00:07] Prevents Bg4.} 32. Be6 Rh8 33. Rg2 Rxg2 34. Qxg2 Rh6 35. Rf1 {[%emt 0:02:10] White is much more active.} Qe8 36. Qc2 {[%emt 0:01:56] Prevents Qa4.} Ng6 (36... Rg6 $142) 37. Rg1 {[%emt 0:01:08] Strongly threatening Qg2.} Qe7 $2 {[%emt 0:00:55][%mdl 8192] [#]} (37... Ne7 $16 {was worth a try.} 38. Rg2 (38. Qg2 Rg6 $11) 38... Qh5) 38. Qg2 $1 $18 Qh7 $2 (38... Ke8 39. Qg5 Qf8) 39. Bf5 Kf7 40. Qg5 {[%emt 0:00:00][%cal Oh4h5] aiming for h5!} Qg7 41. h5 Nxh5 42. Be6+ {[%emt 0:00:00] A strong pair of Bishops.} Ke8 43. Bh4 $2 (43. Rh1 $18) 43... Nxh4 $11 {[%emt 0:00:00][%cal Bg6h4,Bh4g2,Bg2e1,Be1d3,Bd3f2][%mdl 32] The position is equal.} 44. Qxh5+ Rxh5 45. Rxg7 {[%emt 0:00:00][%mdl 4096] Endgame KRB-KRN} Rh6 46. Bg4 ({Much weaker is} 46. Rxb7 Nxf3 47. Kd1 Rh2 48. Bd7+ Kd8 $17) 46... Ng2 47. Rxb7 a5 48. Bd7+ Kf8 49. Kb2 Ne1 50. Bg4 Rg6 51. Kc1 Nd3+ 52. Kd2 Nf2 53. Rb8+ Ke7 54. Rb7+ Kf8 55. Rb8+ Ke7 56. Rb7+ Kf8 {[%emt 0:00:04] Black escapes into a draw.  Weighted Error Value: White=0.16 (very precise) /Black=0.20 (precise)} 1/2-1/2

[Event "15th Arad Open 2022"]
[Site "Arad"]
[Date "2022.08.09"]
[Round "3.5"]
[White "Stanciu, Alexandru-Ovidiu"]
[Black "Herczeg, Marcell"]
[Result "1-0"]
[ECO "D00"]
[WhiteElo "2326"]
[BlackElo "2044"]
[Annotator "TA"]
[PlyCount "97"]
[EventDate "2022.08.08"]
[EventType "swiss"]
[EventCountry "ROU"]
[SourceTitle "playchess.com"]
[Source "ChessBase"]
[SourceQuality "1"]
[TimeControl "5400+30"]

1. d4 d5 2. Bf4 e6 3. e3 Bd6 4. Qg4 g6 5. Qf3 {[%emt 0:01:32] [#]} b6 $146 ({Predecessor:} 5... Bxf4 6. Qxf4 Qd6 7. Qxd6 cxd6 8. h4 Nf6 9. c4 dxc4 10. Bxc4 d5 11. Bd3 Nc6 {0-1 (45) Atanasov,A (2189)-Sokolovsky,Y (2394) Chess.com INT 2022}) 6. Nc3 {[%emt 0:01:50] D00: 1 d4 d5: Unusual lines.} Ba6 7. Bb5+ c6 8. Ba4 (8. Bxa6 $14 {should be considered.} Nxa6 9. O-O-O) 8... Qc7 9. Nh3 Bxf4 10. Nxf4 Nd7 11. O-O-O (11. e4 $11) 11... O-O-O (11... b5 $15 12. Bb3 b4) 12. e4 $11 Ne7 13. h4 Kb8 14. Nh3 Rdf8 15. Rhe1 dxe4 16. Nxe4 h6 17. Qa3 Nd5 18. Kb1 (18. Bxc6 Qxc6 19. Qxa6 Rc8 $15) 18... Rd8 (18... N5f6 $14 {feels stronger.}) 19. Rd2 (19. Bb3 $16 Bb7 20. c4) 19... N7f6 20. f3 (20. Bxc6 $2 Nxe4 21. Rxe4 Qxc6 $19) 20... Bb7 21. Red1 (21. c4 $5 ) 21... Rhe8 (21... b5 $5 22. Nxf6 Nxf6 $11) 22. Nhf2 (22. c4 $5 ) 22... Nxe4 23. fxe4 Nf6 24. e5 Nd5 (24... Nd7 $142) 25. Ne4 Rf8 26. Nd6 h5 27. c4 Ne7 28. c5 {[%emt 0:00:09] 0x0.00144d668e2ddp-1022s more active pieces.} f6 29. Bb3 Nd5 (29... fxe5 $16 {was necessary.} 30. dxe5 (30. Bxe6 exd4 31. Rxd4 Nc8 $14) 30... Nd5) 30. Bxd5 $18 exd5 31. Qg3 $2 (31. e6 $18) 31... bxc5 32. dxc5 {[%emt 0:00:05] [#] e6 is the strong threat. White now steadily converts the win.} fxe5 33. Qxe5 ({Much worse is} 33. Qxg6 e4 $11) 33... Ka8 34. Qg5 Rxd6 35. cxd6 Qxd6 36. Re1 Qb4 (36... Bc8 $16) 37. Rde2 {[%emt 0:00:15] [#] Black must now prevent Re8+.} a5 $2 (37... Bc8 {was called for.} 38. Re8 Rxe8 39. Rxe8 Kb7) 38. a3 ({Don't do} 38. Qxg6 $6 Qxh4 39. a3 Rb8 $18) 38... Qb3 (38... Qa4 {might work better.} 39. Qxg6 Qxh4) 39. Qxg6 Rf4 40. Qxh5 Ka7 41. Qg5 Qc4 42. Rc2 Qd4 43. h5 Qa4 44. h6 {[%emt 0:00:00] aiming for h7.} Rg4 45. Qe3+ d4 46. Qh3 Bc8 47. Qf3 {[%emt 0:00:00] White mates.} Kb6 48. b3 Qb5 49. a4 {[%emt 0:00:00] Weighted Error Value: White=0.26 (precise) /Black=0.37} 1-0

[Event "15th Arad Open 2022"]
[Site "Arad"]
[Date "2022.08.09"]
[Round "3.6"]
[White "Ciocani, Iosif"]
[Black "Sedlak, Nikola"]
[Result "0-1"]
[ECO "B61"]
[WhiteElo "2012"]
[BlackElo "2480"]
[Annotator "ChessBase"]
[PlyCount "76"]
[EventDate "2022.08.08"]
[EventType "swiss"]
[EventCountry "ROU"]
[SourceTitle "playchess.com"]
[Source "ChessBase"]
[SourceQuality "1"]
[TimeControl "5400+30"]

1. e4 c5 2. Nf3 d6 3. d4 cxd4 4. Nxd4 Nf6 5. Nc3 Nc6 6. Bg5 Bd7 7. Qd2 h6 8. Bxf6 gxf6 9. Be2 Rg8 10. g3 Nxd4 11. Qxd4 Qa5 12. b4 Qd8 13. Nd5 Bg7 14. Rd1 f5 15. Qe3 fxe4 16. Qxe4 Kf8 17. O-O e6 18. Ne3 d5 19. Qf4 Rc8 20. c4 d4 21. Nc2 e5 22. Qe4 b5 23. f4 Bc6 24. Qf5 Qd7 25. Qxd7 Bxd7 26. fxe5 bxc4 27. Nxd4 Ke7 28. Rc1 Bxe5 29. Nf3 Bf4 30. Rc3 Be6 31. Kf2 Bc7 32. Rfc1 a5 33. a3 axb4 34. axb4 Bd6 35. Bxc4 Bxb4 36. R3c2 Bf5 37. Re2+ Kf6 38. Ne1 Rg4 0-1

[Event "15th Arad Open 2022"]
[Site "Arad"]
[Date "2022.08.09"]
[Round "3.7"]
[White "Tamas, Christian-Arrydan"]
[Black "Secheres, Adrian-Simion"]
[Result "1/2-1/2"]
[ECO "E94"]
[WhiteElo "1913"]
[BlackElo "2360"]
[Annotator "TA"]
[PlyCount "68"]
[EventDate "2022.08.08"]
[EventType "swiss"]
[EventCountry "ROU"]
[SourceTitle "playchess.com"]
[Source "ChessBase"]
[SourceQuality "1"]
[TimeControl "5400+30"]

1. d4 Nf6 2. c4 g6 3. Nc3 Bg7 4. e4 d6 5. Nf3 O-O 6. Be2 Nbd7 7. O-O e5 8. Be3 c6 9. Qc2 exd4 10. Bxd4 Re8 11. Rad1 Qe7 12. Rfe1 a6 {[%emt 0:08:14] [#] E94: King's Indian: Classical: 6 Be2 e5 7 0-0: Various Black 7th moves.} 13. b4 $146 ({Predecessor:} 13. h3 b5 14. b4 Bb7 15. Bf1 Rac8 16. Qb3 Bf8 17. e5 Nxe5 18. Bxe5 dxe5 19. c5 Qc7 20. g3 {1-0 (30) Likavsky,T (2486)-Damljanovic,B (2582) Skopje 2012}) 13... b5 14. a4 (14. Bf1 {with more complications.} Bb7 15. a4 bxa4 16. Qxa4 Ng4 17. Bxg7 Kxg7 18. Qa1) 14... a5 {[%emt 0:12:36] White is slightly better.} 15. axb5 (15. c5 {is interesting.} dxc5 16. bxc5 b4 17. e5) 15... axb4 {[%emt 0:01:26] The position is equal.} 16. bxc6 bxc3 17. cxd7 Bxd7 {[%emt 0:00:06] [#] Threatens to win with ...Ba4.} 18. Qxc3 Nxe4 19. Qe3 Qf8 20. Bxg7 Qxg7 21. Nd4 Ba4 22. Ra1 Nc5 23. Qc3 Rab8 {[%emt 0:17:47][%cal Oc5b3] [#] White must now prevent ...Nb3!} 24. Nb5 Bxb5 25. Qxg7+ Kxg7 26. cxb5 Kf6 27. Bc4 Rxe1+ 28. Rxe1 $11 {[%emt 0:00:06][%mdl 4096] Endgame KRB-KRN} Rb6 29. g3 Ne6 30. Re4 d5 31. Bxd5 Rxb5 32. Bxe6 fxe6 33. h4 h5 34. Kg2 Ra5 {[%emt 0:00:25] Weighted Error Value: White=0.05 (flawless) /Black=0.04 (flawless)} 1/2-1/2

[Event "15th Arad Open 2022"]
[Site "Arad"]
[Date "2022.08.09"]
[Round "3.8"]
[White "Ardeleanu, Alin"]
[Black "Capragiu, Matei-Stefan"]
[Result "1-0"]
[ECO "C15"]
[WhiteElo "2290"]
[BlackElo "1925"]
[Annotator "TA"]
[PlyCount "69"]
[EventDate "2022.08.08"]
[EventType "swiss"]
[EventCountry "ROU"]
[SourceTitle "playchess.com"]
[Source "ChessBase"]
[SourceQuality "1"]
[TimeControl "5400+30"]

1. e4 e6 2. d4 d5 3. Nc3 Bb4 4. Nge2 dxe4 5. a3 Bxc3+ 6. Nxc3 Nc6 7. Bb5 Nge7 8. Bg5 f6 9. Be3 O-O 10. Qd2 f5 11. O-O-O Nd5 {[%emt 0:07:32] ...f4 is the strong threat.} 12. Nxd5 {[%emt 0:05:09] C15: French: 3 Nc3 Bb4: Unusual White 4th moves.} Qxd5 13. c4 Qd8 14. Bxc6 {[%emt 0:37:31] The position is equal.} bxc6 {[%emt 0:00:08] [#]} 15. Bg5 $146 ({Predecessor:} 15. Bf4 a5 16. a4 Ba6 17. b3 Qe7 18. Qc3 Rfb8 19. Kc2 Rb7 20. Rb1 c5 21. Rhd1 cxd4 22. Qxd4 {0-1 (37) Kabanov,N (2501)-Duzhakov,I (2313) St Petersburg 2012}) 15... Qd6 (15... Qd7 $15) 16. Bf4 $1 $14 {[%emt 0:01:46][%mdl 1024] White has compensation.} Qe7 17. Qa5 Bb7 (17... Qh4 {is interesting.} 18. g3 Qh5 19. Bxc7 Qe2) 18. h4 Rfe8 19. Be5 Qf7 (19... Rf8 $142) 20. h5 {[%emt 0:03:40] White is more active.} Qe7 21. Rh3 Qg5+ (21... Rf8 $16 {might work better.}) 22. Kc2 f4 {[%emt 0:00:58] Against Rg3} 23. Rb3 $36 {[%emt 0:01:27][%mdl 2048] White is on the roll.} Bc8 24. g3 ({Stronger than} 24. Bxc7 e5 25. Bxe5 e3 26. fxe3 Bf5+ 27. e4 Bxe4+ 28. Kc1 Rad8 $17) ({Better is} 24. Qxc7 $18 Qe7 25. Qxe7 (25. Qxc6 Bd7 $16) 25... Rxe7 26. Bxf4) 24... Rf8 $2 {[%emt 0:02:03][%mdl 8192] [#] A mistake that costs the game.} (24... Qxh5 $16 25. Qxc7 Qf7) 25. gxf4 {[%emt 0:01:49] White is clearly winning.} Rxf4 (25... Qxh5 $142 26. Qxc7 Qf7 27. Qxc6 Bd7) 26. Rg3 $18 Rg4 27. Rdg1 Rxg3 28. Rxg3 Qe7 29. Rxg7+ Qxg7 30. Bxg7 Kxg7 {[%emt 0:00:05] KQ-KRB} 31. Qg5+ Kf7 32. h6 e5 33. Qg7+ Ke6 34. Qxe5+ Kd7 35. Qxe4 {[%emt 0:00:35] Weighted Error Value: White=0.18 (very precise) /Black=0.89} 1-0

[Event "15th Arad Open 2022"]
[Site "Arad"]
[Date "2022.08.09"]
[Round "3.9"]
[White "Ionescu, Mihai"]
[Black "Tablan, Matei-Christian"]
[Result "1-0"]
[ECO "E18"]
[WhiteElo "2250"]
[BlackElo "1928"]
[Annotator "TA"]
[PlyCount "129"]
[EventDate "2022.08.08"]
[EventType "swiss"]
[EventCountry "ROU"]
[SourceTitle "playchess.com"]
[Source "ChessBase"]
[SourceQuality "1"]
[TimeControl "5400+30"]

1. Nf3 Nf6 2. c4 e6 3. g3 b6 4. Bg2 Bb7 5. O-O Be7 6. d4 O-O 7. Nc3 Ne4 8. Nxe4 Bxe4 9. Ne1 Bxg2 10. Nxg2 d6 11. e4 e5 {[%emt 0:22:32] E18: Queen's Indian: Old Main Line (4 g3 Bb7 5 Bg2 Be7 6 0-0 0-0 7 Nc3).} 12. d5 {[%emt 0:06:50] [#]} Na6 $146 ({Predecessor:} 12... Nd7 13. Rb1 a5 14. b3 Bg5 15. Qg4 Bxc1 16. Rfxc1 g6 17. Rc3 Kh8 18. Nh4 Nc5 {0-1 (48) Goncalves,I (2225)-El Debs,F (2530) Florianopolis 2017}) 13. Qe2 g6 {[%emt 0:05:25] The position is equal.} 14. Bd2 Nc5 15. b4 Nd7 16. Bc3 Bf6 17. Qb2 Qe7 18. a3 h6 19. Rae1 Rae8 20. Re2 Kh7 21. Qc2 Bg7 22. Ne3 Kg8 23. f3 Kh7 24. h4 h5 25. Bd2 Bh6 26. Rg2 Rg8 27. Qc1 Bxe3+ 28. Bxe3 f5 29. Bg5 Qg7 30. Qc2 Ref8 31. Rff2 fxe4 32. fxe4 (32. Qxe4 {keeps more tension.} a5 33. g4 Nf6 34. Bxf6 Qxf6 35. gxh5 Qf5 36. hxg6+ Rxg6 37. Qxf5 Rxf5 38. Rxg6 Kxg6 39. Rg2+) 32... Rxf2 33. Rxf2 {[%emt 0:00:17] Qa4 is the strong threat.} Rf8 34. Rxf8 Qxf8 $14 {[%emt 0:00:08][%mdl 4096] Endgame KQB-KQN} 35. Qf2 {[%emt 0:00:29] Inhibits Qf3.} (35. Qa4 $14 {deserves consideration.} Qc8 36. Qxa7) 35... Qe8 $11 36. Kg2 Kg7 37. Qc2 Nf6 38. c5 bxc5 39. bxc5 Qb5 40. cxd6 cxd6 41. Bxf6+ Kxf6 {[%emt 0:00:00] KQ-KQ} 42. Qf2+ Kg7 43. Qxa7+ Kg8 44. Qe3 Qc4 45. Qf3 Kg7 46. Kh3 Qc8+ 47. g4 hxg4+ 48. Qxg4 Qc3+ 49. Qg3 Qc8+ 50. Kh2 Qc2+ 51. Qg2 Qc1 52. h5 Qf4+ $2 {[%emt 0:03:27][%mdl 8192] [#]} (52... g5 $11) 53. Qg3 $1 $18 {[%emt 0:00:00] Hoping for Qxf4.} Qd2+ 54. Kh3 g5 55. Qf3 {[%emt 0:00:00] Black must now prevent Kg4.} Qe1 56. Kg2 $2 (56. Kg4 $18) 56... Qd2+ (56... Kh6 $11) 57. Kh3 {[%emt 0:00:00] Strongly threatening Kg4.} Qe1 $1 58. a4 $2 (58. Kg4 $18) 58... Kh6 {[%emt 0:00:50][%mdl 8192] [#]} (58... Qh4+ $11 59. Kg2 Qe1) 59. Kg4 $1 Qg1+ 60. Kf5 Qc1 {[%emt 0:01:03] ( -> ...Qc8+)} 61. Ke6 {[%emt 0:10:00] Qf7 would kill now.} Qc8+ (61... Qf4 {was necessary.} 62. Qh1 Qh4) 62. Kxd6 {[%emt 0:00:30] Threatening mate with Qf7.} Qb8+ $2 (62... Qd8+ $16 {is tougher.} 63. Kxe5 Qe7+ 64. Kd4 Qa7+ 65. Kd3 Qa6+ 66. Ke3 Qa7+ 67. Ke2 Qxa4) 63. Ke7 {[%emt 0:00:30] White threatens d6 and mate.} Qc7+ 64. Ke6 {[%emt 0:00:30] White wants to mate with Qf7.} Qb6+ (64... Qc8+ $18 65. Kxe5 Qe8+ 66. Kd6 Qd8+ 67. Kc6 Qc8+ 68. Kb6 Qd8+ 69. Kc6 Qc8+ 70. Kd6 Qb8+ 71. Ke7 Qc7+ 72. Ke6 Qc8+ 73. Ke7 Qc7+ 74. Ke6 Qc8+ 75. Kd6 Qd8+ 76. Kc5 Qc7+ 77. Kb5 Qb7+ 78. Ka5 Qa7+ 79. Kb5 Qd7+ 80. Kc5 Qc7+ 81. Kb5 Qd7+ 82. Kc5 Qc7+) 65. d6 {[%emt 0:00:30] Weighted Error Value: White=0.40/Black=0.66} 1-0

[Event "15th Arad Open 2022"]
[Site "Arad"]
[Date "2022.08.09"]
[Round "3.10"]
[White "Kazarian, Anna-Maja"]
[Black "Kumar, Ambar-David"]
[Result "1-0"]
[ECO "C01"]
[WhiteElo "2139"]
[BlackElo "1492"]
[Annotator "RC"]
[PlyCount "97"]
[EventDate "2022.08.08"]
[EventType "swiss"]
[EventCountry "ROU"]
[SourceTitle "playchess.com"]
[Source "ChessBase"]
[SourceQuality "1"]
[TimeControl "5400+30"]

1. e4 e5 2. Nf3 Nf6 3. Nxe5 d6 4. Nf3 Nxe4 5. d3 Nf6 6. d4 d5 7. c4 c6 8. Nc3 g6 9. Bg5 Bg7 10. cxd5 cxd5 11. Bb5+ Nc6 12. Ne5 O-O 13. Nxc6 bxc6 14. Bxc6 Qe7+ 15. Kf1 Rb8 16. Nxd5 Qd6 17. Bf4 Qd8 18. Bc7 Nxd5 19. Bxd8 Rxd8 20. Qa4 Nf4 21. b3 Bf5 22. Rd1 Bd3+ 23. Rxd3 Nxd3 24. d5 Rb4 25. Qa5 Rd6 26. g3 Bd4 27. Kg2 Rf6 28. f3 Bb6 29. Qa6 Rd4 30. h4 Ne5 31. Qe2 Nxf3 32. Rf1 Nxh4+ 33. gxh4 Rxf1 34. Kxf1 Rxh4 35. d6 Rf4+ 36. Kg2 Rd4 37. d7 Rd6 38. Qe8+ Kg7 39. Qe5+ Rf6 40. Bd5 h5 41. b4 g5 42. Be4 Bd8 43. a4 Kh6 44. Qe8 g4 45. Qxd8 Rf4 46. Qh8+ Kg5 47. Qe5+ f5 48. Qg7+ Kh4 49. d8=B# 1-0

[Event "15th Arad Open 2022"]
[Site "Arad"]
[Date "2022.08.09"]
[Round "3.11"]
[White "Tudor, Henry Edward"]
[Black "Tampea, Radu"]
[Result "1/2-1/2"]
[ECO "D31"]
[WhiteElo "1984"]
[BlackElo "2093"]
[Annotator "NA RC"]
[PlyCount "85"]
[EventDate "2022.08.08"]
[EventType "swiss"]
[EventCountry "ROU"]
[SourceTitle "playchess.com"]
[Source "ChessBase"]
[SourceQuality "1"]
[TimeControl "5400+30"]

1. d4 d5 2. c4 e6 3. Nc3 a6 4. cxd5 exd5 5. Qb3 Nf6 6. Bg5 c5 7. Bxf6 gxf6 8. Qxd5 Qb6 9. O-O-O Be6 10. Qe4 cxd4 11. Qxd4 Qa5 12. Qa4+ Qxa4 13. Nxa4 Nd7 14. Nc3 (14. Kb1 $1 $14) 14... Rc8 15. Kb1 Bb4 16. Rc1 (16. e3 $11) 16... Bxc3 17. Rxc3 Rxc3 18. bxc3 Nc5 19. f4 Ne4 20. Nf3 Nxc3+ 21. Kb2 Nd1+ 22. Kc2 Nf2 23. Rg1 Bxa2 24. e3 O-O 25. Bd3 $17 Rc8+ 26. Kd2 Nxd3 27. Kxd3 Bc4+ 28. Kd2 Bd5 29. Nd4 Be4 30. Ra1 Kf8 31. g4 Ke7 32. Ra4 Rg8 33. h3 Kd7 34. Ra5 Kd6 35. Ne2 Rc8 36. Nc3 Bg2 37. Rh5 b5 38. Ne2 Be4 39. Nd4 Rc5 40. f5 b4 41. Rxh7 Bd5 42. Rh6 Ke7 43. g5 1/2-1/2